 Dungeon Crawl Stone Soup version 0.32-a0-42-ga30500b4d3 (webtiles) character file.

Game seed: 15341271693414974945

65 iamserjio the Firebug (level 4, -1/24 HPs)
             Began as a Tengu Fire Elementalist on Feb 2, 2024.
             Slain by an orc
             ... wielding a +2 flail of protection
              (7 damage)
             ... on level 3 of the Dungeon.
             The game lasted 00:02:19 (482 turns).

iamserjio the Firebug (Tengu Fire Elementalist)      Turns: 482, Time: 00:02:20

Health: -1/24      AC:  2    Str:  8    XL:     4   Next: 14%
Magic:  1/8        EV: 12    Int: 18    God:
Gold:   11         SH:  0    Dex: 14    Spells: 5/8 levels left

rFire   . . .        g - +0 dagger
rCold   . . .        (no shield)
rNeg    . . .        a - +0 robe
rPois   .            (helmet restricted)
rElec   .            (no cloak)
rCorr   .            (no gloves)
SInv    .            (boots unavailable)
Will    .....        (no amulet)
Stlth   ++           (no ring)
HPRegen 0.24/turn    (no ring)
MPRegen 0.11/turn

%: acrobat
@: no status effects
A: beak, talons 3, acrobatic
a: no special abilities


You were on level 3 of the Dungeon.
You visited 1 branch of the dungeon, and saw 4 of its levels.

You collected 11 gold pieces.

Inventory:

Hand Weapons
 g - a +0 dagger (weapon)
Armour
 a - a +0 robe (worn)
Talismans
 d - a maw talisman
Scrolls
 f - a scroll of enchant weapon {unknown}
 i - a scroll of fear {unknown}
 j - a scroll of enchant armour {unknown}
Potions
 b - a potion of magic
 c - 2 potions of degeneration {unknown}
 e - a potion of ambrosia {unknown}
 h - a potion of attraction {unknown}


   Skills:
 - Level 2.1 Dodging
 - Level 2.0 Stealth
 + Level 2.5 Spellcasting
 + Level 2.7 Conjurations
 * Level 4.4 Fire Magic


You had 5 spell levels left.
You knew the following spells:

 Your Spells              Type           Power      Damage    Failure   Level
a - Foxfire               Conj/Fire      60%        2x1d7     3%          1
b - Scorch                Fire           36%        2d6       4%          2

Your spell library contained the following spells:

 Spells                   Type           Power      Damage    Failure   Level
 Inner Flame              Hex/Fire       10%        N/A       21%         3
 Volatile Blastmotes      Fire/Tloc      20%        2d11      21%         3
 Flame Wave               Conj/Fire      15%        2d7       36%         4


Dungeon Overview and Level Annotations

Branches:
Dungeon (4/15) Zot: 23518
 Temple: D:4-7

Altars:

Annotations:
D:4 Ijyb


Innate Abilities, Weirdness & Mutations

You have a beak for a mouth.
You have claws for feet.
You can magically evade attacks while moving or waiting.


Message History

You kill the jackal!
Casting: Foxfire (safe; 3% risk of failure)
Press: ? - help, Q - select action, (/) - cycle Dir - look around, f - activate You conjure some foxfire!
Your foxfire dissipates!
An orc comes into view.
It is wielding a +2 flail of protection.
The foxfire hits the jackal.
The jackal bites you.
You hit the jackal but do no damage. Your kick misses the jackal.
Your peck misses the jackal.
The orc shouts!
The jackal closely misses you.
You barely miss the jackal. You claw the jackal.
You kill the jackal!
The orc throws a boomerang.
The boomerang hits you.
Things that are here:
a jackal corpse; a jackal corpse You start resting.
A jackal comes into view.
Casting: Foxfire (safe; 3% risk of failure)
Press: ? - help, Q - select action, (/) - cycle Dir - look around, f - activate You conjure some foxfire!
The jackal barks!
You hit the orc but do no damage.
The foxfire hits the orc but does no damage.
The foxfire hits the jackal but does no damage.
The orc hits you with a +2 flail of protection.
Casting: Foxfire (safe; 3% risk of failure)
Press: ? - help, Q - select action, (/) - cycle Dir - look around, f - activate You conjure some foxfire!
The jackal misses you.
The orc hits you with a +2 flail of protection!
* * * LOW HITPOINT WARNING * * *
You barely miss the orc. You claw the orc, but do no damage.
The foxfire hits the jackal.
The foxfire hits the orc but does no damage.
The jackal bites you.
* * * LOW HITPOINT WARNING * * *
The jackal closely misses you.
The orc hits you with a +2 flail of protection!
You die...

#..#...#
#####..#...#..
#....>##...#.#
#......'...#.#
#....###...#o#
#....# #...#.#
#...<#####.#.#
#...###..§.#.#.#
##.......†@o...#
#...##...h#.###
......###.#.#
#.#. #.#.# # .
..#.# # ....#
######


You could see an orc and a jackal.

Vanquished Creatures
  A hound (D:4)
  2 dart slugs
  3 bats
  3 endoplasms
  6 giant cockroaches
  2 goblins
  A hobgoblin (D:1)
  3 jackals (D:3)
  4 ball pythons
  2 frilled lizards
  A kobold (D:3)
  2 rats (D:1)
30 creatures vanquished.

Vanquished Creatures (others)
  43 foxfires
43 creatures vanquished.

Grand Total: 73 creatures vanquished

Notes
Turn   | Place    | Note
-------+----------+-------------------------------------------
     0 | D:1      | iamserjio the Tengu Fire Elementalist began the quest for
                  | the Orb.
     0 | D:1      | Reached XP level 1. HP: 10/10 MP: 4/4
    63 | D:1      | Reached XP level 2. HP: 12/15 MP: 1/6
    66 | D:1      | Learned a level 2 spell: Scorch
   239 | D:3      | Reached skill level 4 in Fire Magic
   239 | D:3      | Reached XP level 3. HP: 19/19 MP: 2/7
   242 | D:3      | You fall into a shaft and drop 1 floor!
   386 | D:4      | Noticed Ijyb
   443 | D:4      | Reached XP level 4. HP: 22/24 MP: 2/8
   482 | D:3      | Slain by an orc

Illustrated notes

Levels and vault maps discovered:
D:1:      amcnicky_arrival_double_pillar, layout_loops_ring, st_stairs_4
D:2:      layout_loops_ring, serial_shops, nicolae_shop_window_shopping,
          dreamdust_wishing_well, chequers_serial_rivers_micro_e,
          grunt_ministairs_15, uniq_terence, uniq_sigmund,
          uniq_crazy_yiuf_cottage
D:3:      layout_basic, ebering_ghost_sewer_f,
          shapermc_ecumenical_altar_mp_vishouse, nicolae_twisty_statue_hallways
D:4:      layout_layer_cave, cheibriados_altar_1,
          mainiacjoe_overflow_cross_hatched, mainiacjoe_overflow_catwalk,
          nicolae_wu_jian_wuxing_cycle, grunt_decor_arrowhead,
          hangedman_feature_mirror, uniq_pikel, uniq_ijyb, uniq_menkaure,
          uniq_duvessa

Skill      XL: |  1  2 |
---------------+-------+-----
Conjurations   | 2 |  2.7
Fire Magic     | 4 |  4.4
Dodging        | |  2.1
Stealth        | |  2.0
Spellcasting   | |  2.5

Action                     |  1- 3 |  4- 6 || total
---------------------------+-------+-------++-------
  Melee: Unarmed           |    23 |       ||    23
         Kick              |     7 |     3 ||    10
         Peck              |     5 |     1 ||     6
         Dagger            |     2 |    11 ||    13
         Punch             |     1 |       ||     1
   Cast: Foxfire           |    23 |     5 ||    28
         Scorch            |     5 |       ||     5
   Stab: Sleeping          |     1 |     2 ||     3
 Armour: Robe              |    15 |     7 ||    22
  Dodge: Dodged            |    39 |     7 ||    46

Table legend: (Time is in decaauts)
 A = Elapsed time spent in this place.
 B = Non-inter-level travel time spent in this place.
 C = Inter-level travel time spent in this place.
 D = Time resting spent in this place.
 E = Time spent auto-exploring this place.
 F = Levels seen in this place.
 G = Mean time per level.
                   A        B        C        D        E       F      G
               +--------+--------+--------+--------+--------+-----+--------+
         Total |    480 |    447 |     33 |      2 |     97 |   4 |  120.0 |
       Dungeon |    480 |    447 |     33 |      2 |     97 |   4 |  120.0 |
               +--------+--------+--------+--------+--------+-----+--------+

Top non-repeatable levels by time:
     D:1: 148 daAuts
     D:3: 134 daAuts
     D:4: 119 daAuts
     D:2: 78 daAuts
